 Dungeon Crawl Stone Soup version 0.22-b1-21-g5cfc168 (webtiles) character file.

32 tyranidshit the Skirmisher (level 3, 0/30 HPs)
             Began as a Demonspawn Abyssal Knight on Aug 2, 2018.
             Was a Follower of Lugonu.
             Killed from afar by a white imp (7 damage)
             ... with a puff of frost
             ... summoned by Natasha
             ... on level 2 of the Dungeon.
             The game lasted 00:02:00 (942 turns).

tyranidshit the Skirmisher (DsAK)                    Turns: 942, Time: 00:02:00

Health: 0/30       AC: 10    Str: 11 (13) XL:     3   Next: 10%
Magic:  4/4        EV:  2    Int: 11 (13) God:    Lugonu [*.....]
Gold:   137        SH:  0    Dex: 11 (14) Spells: 2/2 levels left

rFire    . . .     SeeInvis .   a - +1 hand axe
rCold    . . .     Gourm    .   (no shield)
rNeg     . . .     Faith    .   i - +0 plate armour
rPois    .         Spirit   .   (no helmet)
rElec    .         Reflect  .   (no cloak)
rCorr    .         Harm     .   (no gloves)
MR       .....                  (no boots)
Stlth    ..........             (no amulet)
HPRegen  0.10/turn              (no ring)
MPRegen  0.09/turn              (no ring)

@: no status effects
A: thin skeletal structure 1
a: Depart the Abyss, Renounce Religion


You were on level 2 of the Dungeon.
You worshipped Lugonu.
Lugonu was aware of your devotion.
You were not hungry.

You visited 1 branch of the dungeon, and saw 2 of its levels.
You visited the Abyss 1 time.

You collected 137 gold pieces.

Inventory:

Hand Weapons
 a - a +1 hand axe (weapon)
Armour
 b - a +1 leather armour
 i - a +0 plate armour (worn)
Jewellery
 g - a cursed ring of teleportation {unknown}
Scrolls
 e - 2 scrolls of noise
 f - a scroll of identify
Potions
 d - a potion of degeneration
 h - a potion of curing {unknown}
Comestibles
 c - 5 rations


   Skills:
 + Level 4.3 Fighting
 - Level 1.7 Axes
 - Level 1.7 Armour
 - Level 0.8 Dodging
 - Level 2.4 Invocations


You had 2 spell levels left.
You didn't know any spells.
Your spell library was empty.

Dungeon Overview and Level Annotations

Branches:
Dungeon (2/15)

Altars:
Xom

Annotations:
D:2 Natasha


Innate Abilities, Weirdness & Mutations

You have a somewhat thin skeletal structure. (Dex +2, Stealth)


Message History

Natasha is lightly wounded.
You hit the shadow imp but do no damage.
You hit the leopard gecko.
You kill the leopard gecko!
Lugonu accepts your kill.
You hit the giant cockroach.
You kill the giant cockroach!
Lugonu accepts your kill.
The white imp sputters.
The white imp gestures at you. The puff of frost hits you!
* * * LOW HITPOINT WARNING * * *
Natasha claws you but does no damage.
The shadow imp hits you but does no damage.
The crimson imp disappears in a puff of smoke!
The shadow imp hits you but does no damage.
The shadow imp hits you but does no damage.
The white imp gestures at you. The puff of frost hits you!
You die...

#### ########### ##...
#.........####....
#######.#######.##......
#..h55.@....# #.)..#.#.#
......†..###.###.#
#.#....... .........#
#.###.###.#..#.#.#
....#....#
#.........#.......
.........#
#.###.######.#.#.#
....##.... ... #.#
#...... .... #.### ###
#.# ####### .. #+ #.# #
#.# #


You could see Natasha, a white imp and a shadow imp.

Vanquished Creatures
  2 dart slugs
  A leopard gecko (D:2)
  2 giant cockroaches
  2 goblins
  6 hobgoblins
  4 kobolds
  3 bats (D:1)
  2 frilled lizards
  4 rats
26 creatures vanquished.

Notes
Turn   | Place    | Note
-------+----------+-------------------------------------------
     0 | Abyss:1  | tyranidshit the Demonspawn Abyssal Knight began the quest for the Orb.
     0 | Abyss:1  | Reached XP level 1. HP: 18/18 MP: 2/2
    83 | Abyss:1  | Noticed a tentacled starspawn
    84 | D:1      | Escaped the Abyss
   204 | D:1      | Gained mutation: You have a somewhat thin skeletal structure. (Dex +2, Stealth) [demonic ancestry]
   204 | D:1      | Reached XP level 2. HP: 21/24 MP: 3/3
   217 | D:1      | Reached * piety under Lugonu
   295 | D:1      | Found a shimmering altar of Xom.
   452 | D:1      | Reached skill level 4 in Fighting
   849 | D:2      | Reached XP level 3. HP: 30/30 MP: 4/4
   926 | D:2      | Noticed Natasha
   942 | D:2      | Killed from afar by a white imp

Skill      XL: |  1  2 |
---------------+-------+-----
Fighting       | 4 |  4.3
Axes           | |  1.7
Armour         | |  1.7
Dodging        | |  0.8
Invocations    | |  2.4

Action                   || total
-------------------------++-------
Melee: Hand axe          ||    77
Invok: Depart the Abyss  ||     1
  Use: Scroll            ||     5
       Potion            ||     2
 Stab: Sleeping          ||     2
Armor: Leather armour    ||    22
       Plate armour      ||    27
Dodge: Dodged            ||    42
